 BcadrenCrawl: Boulder Brew version 0.04.2-3-g40356c7de1 (webtiles) character file.

Game seed: 7456883981218819188, levelgen mode: deterministic

30558 gruber the Grappler (level 13, -13/90 HPs) Octopode Demonspawn. Began on Apr 27, 2021. Was an Initiate of Gozag Ym Sagoz. Mangled by an eight-headed hydra (15 damage) ... on level 2 of the Lair of Beasts. The game lasted 00:24:01 (9478 turns).

gruber the Grappler (Octopode Demonspawn)           Turns: 9478, Time: 00:24:02

Health: -13/90     AC: 15    Str: 14    XL:     13 ^: 10553
Magic:  0/15       EV: 23    Int: 19    God:    Gozag Ym Sagoz
Gold:   3791       SH: 10    Dex: 11    Spells: 5/14 levels left

rFire    . . .     Vision   .     - Unarmed
rCold    . . .     Gourm    .   C - +3 warlock's mirror {reflect}
rNeg     . . .     Faith    .   (helmet restricted)
rPois    .         Spirit   +   r - brooch of Shielding {Reflect AC+5 EV+5 SH+5}
rElec    +         Reflect  +   (no ring)
rCorr    .         Harm     .   (no ring)
MR       .....                  (no ring)
Stlth    +++.......             (no ring)
HPRegen  0.40/turn              (no ring)
MPRegen  0.25/turn              (no ring)
                                (no ring)
                                (no ring)

@: marked, gold aura, sanguine armour, studying Invocations
A: almost no armour, stealthy swim, amphibious, 8 rings, constrict 8, toothy
tentacles 3, camouflage 1, electricity resistance, gelatinous body 1, magic
shield, rot immunity, sanguine armour 2
a: Potion Petition, Call Merchant, Bribe Branch, Renounce Religion


You were on level 2 of the Lair of Beasts.
You worshipped Gozag Ym Sagoz.
Gozag Ym Sagoz was most pleased with you.
You were not hungry.

You visited 3 branches of the dungeon, and saw 9 of its levels.

You collected 3945 gold pieces.
You paid 154 gold pieces to Gozag.

Inventory:

Shields
 C - the +3 warlock's mirror (shield) {reflect}
   (You found it on level 5 of the Dungeon)

   Base shield rating: 3 Skill to remove penalty: 4.0 With your current SH, it
   has a 0% chance to reflect enchantments and other normally unblockable
   effects.
Jewellery
 r - the brooch of Shielding (around mantle) {Reflect AC+5 EV+5 SH+5}
   (You took it off a big kobold on level 2 of the Dungeon)

   [amulet of reflection]

   It shields you and reflects attacks.
   It affects your AC (+5).
   It affects your evasion (+5).
   It affects your SH (+5).
 y - a cursed ring of protection {(Curse: MR-)}
Wands
 j - a wand of polymorph (1)
 o - a wand of iceblast (1)
 p - a wand of flame (10)
 B - a wand of ensnaring (2)
Scrolls
 b - 2 scrolls of summoning
 f - 3 scrolls of teleportation
 i - 2 scrolls of fog
 k - 2 scrolls of blinking
 n - a scroll of amnesia
 q - a scroll of fear
 t - a scroll of bless item
 u - 2 scrolls of magic mapping
 v - 3 scrolls of enchantment
Potions
 a - a potion of agility
 e - a potion of brilliance
 g - a potion of magic
 h - 8 potions of curing
 l - 3 potions of ambrosia
 m - 2 potions of might
 s - a potion of invisibility
 x - a potion of cure mutation
 A - 4 potions of haste
Miscellaneous
 d - a lightning rod (1/4)
Comestibles
 c - 13 rations


   Skills:
 - Level 9.3 Fighting
   Level 2.4 Polearms
 * Level 9.5 Dodging
 - Level 2.8 Stealth
 - Level 12.0 Shields
 - Level 13.0 Unarmed Combat
 - Level 1.2 Spellcasting
 - Level 2.1 Fire Magic
 - Level 3.0 Invocations


You had 5 spell levels left.
You knew the following spells:

 Your Spells              Type           Power        Failure   Level  Hunger
a - Flame Tongue          Fire           9 (30)       8%          1    ##.....
b - Necromutation         Tmut/Necr      1 (200)      100%        8    #######

Your spell library contained the following spells:

 Spells                   Type           Power        Failure   Level  Hunger
 Conjure Flame            Fire           9 (100)      22%         3    ####...
 Blink                    Tloc           N/A          28%         2    ###....
 Call Imp                 Summ           1 (100)      28%         2    ###....
 Slow                     Hex            1 (100)      28%         2    ###....
 Mephitic Cloud           Pois/Air       1 (100)      50%         3    ####...
 Haunt                    Necr/Summ      1 (200)      100%        7    #######
 Borgnjor's Revivificati  Necr           1 (200)      100%        8    #######
 Death's Door             Chrm/Necr      1 (200)      100%        8    #######


Dungeon Overview and Level Annotations

Branches:
Dungeon (6/8)              Temple (1/1) D:4            Lair (2/6) D:5
    Orc (0/2) D:6
  Swamp: Lair:2-4    Shoals: Lair:2-4     Snake: Lair:2-4    Spider: Lair:2-4

Altars:
Ashenzari
Cheibriados
Dithmenos
Elyvilon
Fedhas Madash
Gozag Ym Sagoz
Hepliaklqana
Makhleb
Nemelex Xobeh
Okawaru
Qazlal
Sif Muna
Trog
Vehumet
Wu Jian
Xom
Yredelemnul

Shops:
D:2 }?   D:4 ?:

Portals:
Trove: D:5 (show abyssal rune of Zot)

Annotations:
D:2 Purgy


Innate Abilities, Weirdness & Mutations

You cannot wear most types of armour.
You are very stealthy in the water. (Stealth+)
You are amphibious.
You can wear up to eight rings at the same time.
You can use your tentacles to constrict six enemies at once.
You have razor-sharp teeth on your tentacles. (+6 Unarmed)
Your skin changes colour to match your surroundings (Stealth+).
Your rubbery body absorbs attacks. (AC +1, EV +1)
When hurt, damage is shared between your health and your magic reserves.
You are immune to rotting.
When seriously injured, your bleeding wounds create thick armour. (AC +9)
You are resistant to electric shocks. (rElec)


Message History

Unknown command.
Evoke which item? (* to show all) (? for menu, Esc to quit)
Aiming: Thunderbolt
Press: ? - help, Shift-Dir - straight line, f/p - rime drake
Aim: a rime drake (severely wounded (9/35))
The thunderbolt hits the rime drake (16)!
You kill the rime drake!
The thunderbolt hits the eight-headed hydra (24)!!
The eight-headed hydra is severely wounded. (24/71) HP The eight-headed hydra bites you (18)!!
* * * LOW HITPOINT WARNING * * *
The eight-headed hydra closely misses you (0).
The eight-headed hydra bites you but does no damage.
The eight-headed hydra closely misses you (0).
You block the eight-headed hydra's attack.
The eight-headed hydra bites you (13)!
* * * LOW HITPOINT WARNING * * *
The eight-headed hydra bites you (16)!
You die...
Your body crumbles into a pile of gold.

P##.....#..#.^^## ##..
..........#...## ##^
........P#...## $ ##
#....P......## $
.#....$##.^##
#...#.#.^.## .#...##..##
#....#$$################
##..........^.$D@$......
...#.##.##..$$###..#####
#.#.. #.##.###.# ...#
#.#. ...... ........ #
#..#..P. .......##
####.....#P......#
#P#.####...#### ## ##
...#


You could see an eight-headed hydra.

Vanquished Creatures
  2 boulder beetles
  2 unseen horrors (D:6)
  A two-headed ogre (D:6)
  A skeletal warrior (D:6)
  10 wizards (D:5)
  A dancing weapon (D:2)
  2 manticores (D:6)
  12 giraffes (Lair:2)
  3 black mambas
  An ugly thing (D:6)
  7 spiny frogs
  A rime drake (Lair:2)
  2 trolls (D:6)
  2 komodo dragons
  A giraffe zombie (Lair:2)
  3 hippogriffs
  A hydra zombie (Lair:2)
  2 wyverns
  A catoblepas skeleton (Lair:2)
  A giraffe skeleton (Lair:2)
  A basilisk (Lair:1)
  5 hungry ghosts
  2 hydra skeletons (Lair:2)
  2 slime creatures (D:2)
  A necrophage (D:5)
  A phantom (D:6)
  4 orc warriors
  2 scorpions
  A two-headed ogre zombie (D:6)
  8 water moccasins
  2 sky beasts
  4 porcupines
  An eye of draining (D:5)
  2 wolves (D:5)
  4 ogres
  11 crocodiles
  A komodo dragon zombie (Lair:2)
  A swooping magpie skeleton (Lair:2)
  7 big kobolds
  17 bullfrogs
  A komodo dragon skeleton (Lair:2)
  4 centaurs
  A spiny frog zombie (Lair:2)
  3 troll zombies (D:6)
  2 spiny frog skeletons (Lair:2)
  8 howler monkeys
  A black mamba skeleton (Lair:2)
  3 killer bees (D:5)
  A wight (D:6)
  A hornet zombie (D:5)
  5 electric eels
  A basilisk skeleton (Lair:2)
  A blink frog zombie (Lair:2)
  2 blink frog skeletons (Lair:2)
  A rime drake skeleton (Lair:2)
  A crimson imp (D:4)
  4 gnoll shamans (D:2)
  4 orc priests
  6 hounds
  14 jellies
  7 orc wizards
  6 iguanas
  2 crocodile zombies (Lair:2)
  A wyvern zombie (Lair:2)
  3 water moccasin zombies
  3 worker ants
  Natasha (twice) (D:2)
  2 crocodile skeletons (Lair:2)
  4 ogre zombies (D:6)
  2 water moccasin skeletons (Lair:2)
  2 wyvern skeletons
  7 giant cockroaches
  2 bullfrog zombies
  2 porcupine zombies (Lair:2)
  3 bullfrog skeletons
  3 gnolls (D:4)
  A porcupine skeleton (D:3)
  12 adders
  49 sewer rats (D:2)
  2 worms (D:2)
  11 cinder newts
  A hound skeleton (D:5)
  7 oozes (D:2)
  2 dart slugs
  7 leopard geckos
  22 orcs
  2 adder skeletons
  5 ball pythons
  7 bats
  A cinder newt skeleton (D:2)
  A goblin (D:1)
  6 hobgoblins (D:1)
  2 jackals (D:4)
  28 kobolds
  4 quokkas
  A ball python skeleton (D:2)
  3 goblin skeletons
  8 goblin zombies (D:6)
  2 hobgoblin skeletons (D:6)
  3 hobgoblin zombies (D:6)
  A jackal skeleton (D:3)
  An orc skeleton (D:2)
  11 orc zombies (D:6)
  2 quokka skeletons (D:3)
  6 rats
  A butterfly (Lair:1)
457 creatures vanquished.

Vanquished Creatures (others)
  Natasha (D:2)
  A sewer rat (D:2)
  An orc (D:4)
  3 kobolds (D:2)
  A leopard gecko skeleton (D:2)
  A quokka skeleton (Lair:2)
  A fungus (Lair:2)
  A plant (Lair:2)
  A slimehead (D:2)
  155 withered plants (D:2)
166 creatures vanquished.

Grand Total: 623 creatures vanquished

Notes
Turn   | Place    | Note
-------+----------+-------------------------------------------
     0 | D:1      | gruber the Octopode Demonspawn began the quest for the Orb.
     0 | D:1      | Reached XP level 1. HP: 13/13 MP: 3/3
    77 | D:1      | Gained mutation: Your front tentacles are covered in pointy
                  | teeth. (+2 Unarmed) [demonic ancestry]
    77 | D:1      | Reached XP level 2. HP: 18/18 MP: 4/4
    79 | D:1      | Reached skill level 1 in Unarmed Combat
    81 | D:1      | Reached skill level 2 in Unarmed Combat
    81 | D:1      | Gained mutation: When hurt, damage is shared between your
                  | health and your magic reserves. [demonic ancestry]
    81 | D:1      | Reached XP level 3. HP: 23/23 MP: 5/5
   316 | D:1      | Reached XP level 4. HP: 27/28 MP: 6/6
   318 | D:1      | Reached skill level 3 in Unarmed Combat
   770 | D:2      | Found Xoahoyb's Magic Scroll Emporium.
   779 | D:2      | Reached skill level 4 in Unarmed Combat
   779 | D:2      | Reached XP level 5. HP: 29/33 MP: 7/7
   790 | D:2      | Noticed Natasha
   809 | D:2      | Killed Natasha
   815 | D:2      | Noticed Natasha
   855 | D:2      | Reached skill level 5 in Unarmed Combat
   861 | D:2      | Reached XP level 6. HP: 26/38 MP: 8/8
   870 | D:2      | Killed Natasha
   881 | D:2      | Reached skill level 6 in Unarmed Combat
   920 | D:2      | Gained mutation: You are resistant to electric shocks.
                  | (rElec) [potion of mutation]
   941 | D:2      | Noticed an enchanted dagger
   982 | D:2      | Found Foruzoe's Gadget Emporium.
   985 | D:2      | Gained mutation: You are immune to rotting. [demonic
                  | ancestry]
   985 | D:2      | Reached XP level 7. HP: 35/45 MP: 9/9
  1115 | D:2      | Noticed a +0 dagger
  1124 | D:2      | Killed a +0 dagger
  1124 | D:2      | Reached XP level 8. HP: 33/58 MP: 5/10
  1155 | D:2      | Noticed Natasha
  1159 | D:2      | Killed Natasha
  1848 | D:2      | Gained mutation: Your tentacles are covered in sharp spiky
                  | teeth. (+4 Unarmed) [demonic ancestry]
  1848 | D:2      | Reached XP level 9. HP: 39/68 MP: 6/11
  1976 | D:2      | Noticed Purgy
  2001 | D:2      | Reached skill level 5 in Dodging
  2526 | D:2      | Identified the +1 robe of the Enchanted Forest {Str+3} (You
                  | took it off a kobold on level 2 of the Dungeon)
  3441 | D:4      | Found a staircase to the Ecumenical Temple.
  3443 | D:4      | Found a faded altar of an unknown god.
  3482 | Temple   | Entered the Ecumenical Temple
  3531 | Temple   | Became a worshipper of Gozag Ym Sagoz the Greedy
  3581 | D:4      | Found Ypsot's Book Shop.
  3604 | D:4      | Reached skill level 1 in Shields
  3670 | D:4      | Gained mutation: When seriously injured, your bleeding
                  | wounds create armour. (AC +9) [demonic ancestry]
  3670 | D:4      | Reached XP level 10. HP: 74/74 MP: 12/12
  3689 | D:4      | Found a shattered altar of Ashenzari.
  3691 | D:4      | Identified the cursed ring "Maet" {rPois Int-2 Dex+6
                  | Stlth-, (Curse: *Drain Fragile)}
  3912 | D:4      | Found Ymouneka's Magic Scroll Emporium.
  4276 | D:5      | Entered Level 5 of the Dungeon
  4384 | D:5      | Reached skill level 5 in Shields
  4407 | D:5      | Noticed a boulder beetle
  4452 | D:4      | Killed a boulder beetle
  4492 | D:5      | Gained mutation: When seriously injured, your bleeding
                  | wounds create thick armour. (AC +9) [demonic ancestry]
  4492 | D:5      | Reached XP level 11. HP: 55/80 MP: 13/13
  4497 | D:5      | Found a staircase to the Lair.
  4550 | D:5      | Found the +2 Maxwell's thermic engine {molten, freeze}
  4778 | D:5      | Identified a scroll of acquirement
  4803 | D:5      | Identified the ring "Zetu" {rF- MP+9 Str+3 Int+4} (You
                  | acquired it on level 5 of the Dungeon)
  5007 | D:5      | Noticed a wizard
  5008 | D:5      | Noticed a wizard
  5023 | D:5      | Killed a wizard
  5027 | D:5      | Killed a wizard
  5027 | D:5      | Reached skill level 10 in Shields
  5054 | D:5      | Identified the cursed amulet "Tekkuneddo" {+Rage rC++,
                  | (Curse: Fragile)}
  5054 | D:5      | Noticed a wizard
  5056 | D:5      | Killed a wizard
  5130 | D:5      | Noticed a wizard
  5134 | D:5      | Killed a wizard
  5137 | D:5      | Noticed a wizard
  5143 | D:5      | Noticed a wizard
  5143 | D:5      | Noticed a wizard
  5155 | D:5      | Killed a wizard
  5159 | D:5      | Killed a wizard
  5160 | D:5      | Killed a wizard
  5369 | D:5      | Noticed a wizard
  5482 | D:5      | Noticed a wizard
  5496 | D:5      | Killed a wizard
  5506 | D:5      | Found the +3 warlock's mirror {reflect}
  5528 | D:5      | Killed a wizard
  5531 | D:5      | Noticed a wizard
  5664 | D:5      | Killed a wizard
  5805 | D:5      | Found a portal to a secret trove of treasure.
  5875 | D:6      | Found a burning altar of Makhleb.
  5909 | D:6      | Reached XP level 12. HP: 81/85 MP: 12/14
  5939 | D:6      | Found a staircase to the Orcish Mines.
  6055 | D:6      | Noticed a boulder beetle
  6077 | D:6      | Killed a boulder beetle
  6077 | D:6      | Reached skill level 7 in Unarmed Combat
  6386 | D:6      | Reached skill level 8 in Unarmed Combat
  6702 | D:6      | Reached skill level 9 in Unarmed Combat
  7612 | Lair:1   | Entered Level 1 of the Lair of Beasts
  7624 | Lair:1   | Reached skill level 10 in Unarmed Combat
  7745 | Lair:1   | Learned a level 8 spell: Necromutation
  7937 | Lair:1   | Reached skill level 11 in Unarmed Combat
  8588 | Lair:2   | Gained mutation: You have razor-sharp teeth on your
                  | tentacles. (+6 Unarmed) [demonic ancestry]
  8588 | Lair:2   | Reached XP level 13. HP: 70/90 MP: 15/15
  8676 | Lair:2   | Reached skill level 12 in Unarmed Combat
  8940 | Lair:2   | Reached skill level 13 in Unarmed Combat
  9229 | Lair:2   | Identified the cursed +9 flail "Epletoc" {acid, rElec rPois
                  | Str-2, (Curse: rF-)}
  9478 | Lair:2   | HP: 2/90 [eight-headed hydra (11)]
  9478 | Lair:2   | Mangled by an eight-headed hydra

Levels and vault maps discovered:
D:1:      saegor_arrival_simple_e, layout_loops_ring
D:2:      layout_sewer, dancing_weapons_uskayaw, bcadren_sewer_center_circle,
          first_ration, serial_shops, shop_fountains, nicolae_shop_behind_doors,
          uniq_natasha
D:3:      layout_cave_pools, blue_anna_alchemist [blue_anna_fruit_fields,
          blue_anna_fruit_fields]
D:4:      layout_loops_ring, evilmike_ruin_ashenzari,
          nicolae_temple_entry_ecumenical, serial_shops, nicolae_shop_stone,
          shop
D:5:      minmay_smoke_and_mirrors, layout_cave_pools, erik_lair_island,
          enter_trove_3
D:6:      layout_layer_cave, lemuel_crystal_altar, zombieorc2_lemuel
Temple:   eino_wide_crystal_templ
Lair:1:   layout_long_grid, chequers_ossuary_entry_cave, lemuel_fruit_fields,
          grunt_megastairs_2, infiniplex_staircase_pool
Lair:2:   layout_gridlike, portal_ice_cave_entry_pillars_1, ossuary_due_pyramid

Skill      XL: |  1  2  3  4  5  6  7  8  9 10 11 12 13 |
---------------+----------------------------------------+-----
Unarmed Combat | 2 4 5 6 11 13 | 13.0
Fighting       | 2 6 9 |  9.3
Dodging        | 8 9 |  9.5
Shields        | 2 8 12 | 12.0
Polearms       | |  2.4
Stealth        | |  2.8
Spellcasting   | |  1.2
Fire Magic     | |  2.1
Invocations    | |  3.0

Action                   |  1- 3 |  4- 6 |  7- 9 | 10-12 | 13-15 || total
-------------------------+-------+-------+-------+-------+-------++-------
Melee: Trident           |     6 |       |       |       |       ||     6
       Unarmed           |    33 |   101 |   361 |   405 |   189 ||  1089
       Tentacle Squeeze  |     6 |    10 |    49 |   117 |    51 ||   233
       Constrict         |     7 |    13 |    43 |    74 |    23 ||   160
       Tentacle Slap     |     2 |     6 |    25 |    43 |    20 ||    96
       Tentacle Thwack   |     1 |     3 |     6 |    18 |    14 ||    42
       Tentacle Smack    |       |     3 |    17 |    36 |    15 ||    71
       Targe             |       |       |    11 |   189 |       ||   200
Evoke: Lightning rod     |       |       |       |     4 |     3 ||     7
       Wand              |       |       |       |       |     1 ||     1
  Use: Potion            |       |     1 |       |     2 |       ||     3
       Scroll            |       |       |     1 |     1 |       ||     2
 Stab: Sleeping          |     5 |     4 |     5 |    15 |     3 ||    32
       Distracted        |       |       |       |     3 |     1 ||     4
  Eat: Chunk             |       |       |     8 |       |       ||     8
       Ration            |       |       |       |     6 |     1 ||     7
Armor: Skin              |     4 |     1 |     5 |    38 |    56 ||   104
Dodge: Dodged            |     5 |    29 |   112 |   173 |    78 ||   397
Block: Targe             |       |       |     4 |    85 |       ||    89
       Reflection        |       |       |       |     5 |       ||     5
       Buckler           |       |       |       |    52 |    73 ||   125
